[Event "Titled Tuesday Blitz February 15 Early 2022"]
[White "Gozzoli, Yannick"]
[Black "Kraus, Tomas"]
[WhiteFideId "616915"]
[BlackFideId "331708"]
[WhiteElo "2609"]
[BlackElo "2389"]
[Result "1-0"]
[Round "04"]
[TimeControl "180+1"]
[Date "2022.02.15"]
[WhiteClock "0:00:50"]
[BlackClock "0:00:06"]

1. d4 Nf6 2. Nf3 d5 3. c4 e6 4. g3 Bb4+ 5. Bd2 Bd6 6. Nc3 c6 7. Bg5 Nbd7 8. Qb3 Qb6 9. c5 Qxb3 10. axb3 Bc7 11. b4 e5 12. Bxf6 gxf6 13. e3 b5 14. Be2 Bb7 15. Nh4 a5 16. bxa5 Rxa5 17. Kd2 O-O 18. b4 Raa8 19. Bg4 Rfd8 20. Rxa8 Bxa8 21. Ra1 f5 22. Bxf5 exd4 23. exd4 Nf6 24. Ra7 Ne8 25. Bh3 Rb8 26. Nf5 Bb7 27. Rxb7 Rxb7 28. Ne7+ Kf8 29. Nxc6 Nf6 30. Bc8 Rb8 31. Nxb8 Bxb8 32. Bb7 Ng4 33. Ke2 Bc7 34. Nxb5 Bd8 35. h3 Nh6 36. g4 f5 37. f3 Bf6 38. Bxd5 fxg4 39. hxg4 Nf7 40. Bxf7 Kxf7 41. d5 1-0


[Site "https://www.chess.com"]

[Event "Titled Tuesday Blitz February 15 Early 2022"]
[White "Grineva, Marianna"]
[Black "Howell, David W L"]
[WhiteFideId "14102013"]
[BlackFideId "410608"]
[WhiteElo "1954"]
[BlackElo "2559"]
[Result "0-1"]
[Round "04"]
[TimeControl "180+1"]
[Date "2022.02.15"]
[WhiteClock "0:00:05"]
[BlackClock "0:00:15"]

1. e4 e5 2. Nf3 Nc6 3. d4 exd4 4. Nxd4 Nf6 5. Nxc6 bxc6 6. e5 Qe7 7. Qe2 Nd5 8. c4 Nb6 9. Nc3 Bb7 10. b3 O-O-O 11. Bb2 Re8 12. f4 f6 13. Ne4 fxe5 14. fxe5 d5 15. Nd2 a5 16. O-O-O a4 17. Kb1 axb3 18. axb3 Qb4 19. Kc2 Nd7 20. Bc3 Qb6 21. cxd5 cxd5 22. Qg4 c5 23. Nc4 Qe6 24. Qxe6 Rxe6 25. Na5 Ba8 26. Bb5 d4 27. Bxd7+ Kxd7 28. Rhe1 Be7 29. Nc4 Kc8 30. Ba5 Bxg2 31. Rd2 Bd5 32. Rf2 Kb7 33. Nb6 Rxb6 34. Bxb6 Kxb6 35. e6 Re8 36. Rf7 Bf6 37. Rd7 Kc6 38. Ra7 Rxe6 39. Ra6+ Kd7 40. Raxe6 Bxe6 41. Ra1 d3+ 42. Kxd3 Bxa1 0-1


[Site "https://www.chess.com"]

[Event "Titled Tuesday Blitz February 15 Early 2022"]
[White "Gubanov, Oleg"]
[Black "Ardila, Oscar Humberto"]
[WhiteFideId "14115115"]
[BlackFideId "4404742"]
[WhiteElo "2080"]
[BlackElo "1898"]
[Result "1-0"]
[Round "04"]
[TimeControl "180+1"]
[Date "2022.02.15"]
[WhiteClock "0:01:05"]
[BlackClock "0:01:34"]

1. e4 e5 2. Nf3 Nc6 3. Bb5 Nf6 4. d3 Bc5 5. O-O d6 6. h3 O-O 7. c3 h6 8. d4 exd4 9. cxd4 Bb6 10. Nc3 Bd7 11. Re1 a6 12. Bc4 Na5 13. Bd3 c5 14. d5 c4 15. Bc2 Re8 16. Bf4 Bc7 17. e5 dxe5 18. Nxe5 b5 19. Bg3 Nb7 20. Qd4 Bd6 21. a4 b4 22. Ne4 Nxe4 23. Qxe4 Bxe5 24. Qh7+ Kf8 25. Qh8+ Ke7 26. Rxe5+ Be6 27. Qxg7 Rg8 28. Rxe6+ 1-0


[Site "https://www.chess.com"]

[Event "Titled Tuesday Blitz February 15 Early 2022"]
[White "Gulatz, Maurice"]
[Black "Marcinczyk, Monika"]
[WhiteFideId "24642746"]
[BlackFideId "1192051"]
[WhiteElo "2150"]
[BlackElo "1730"]
[Result "1-0"]
[Round "04"]
[TimeControl "180+1"]
[Date "2022.02.15"]
[WhiteClock "0:00:20"]
[BlackClock "0:00:01"]

1. d4 d5 2. c4 e6 3. Nf3 Nf6 4. g3 Be7 5. Bg2 O-O 6. O-O b6 7. cxd5 exd5 8. Nc3 Bb7 9. Bf4 c5 10. Rc1 Nc6 11. dxc5 bxc5 12. Ne5 Nxe5 13. Bxe5 Nd7 14. Bf4 Nb6 15. Qb3 Qd7 16. Rfd1 d4 17. Bxb7 Qxb7 18. Na4 Rac8 19. Qb5 Qc6 20. Qxc6 Rxc6 21. Nxb6 Rxb6 22. b3 a5 23. Rc4 f6 24. e3 g5 25. Bc7 Rb7 26. Bxa5 Ra8 27. Bd2 Rxa2 28. exd4 cxd4 29. b4 Rb2 30. Rxd4 Bxb4 31. Rd8+ Kg7 32. Be3 Bc3 33. Kg2 Be5 34. R8d7+ Rxd7 35. Rxd7+ Kg6 36. h4 h6 37. Kf3 h5 38. hxg5 fxg5 39. Ke4 Bf6 40. Rd6 Rb4+ 41. Kf3 Rb3 42. Ra6 Rc3 43. Ke4 Rc4+ 44. Kd5 Rb4 45. Rc6 Rb5+ 46. Kc4 Rf5 47. Kd3 h4 48. g4 Rf3 49. Ke4 1-0


[Site "https://www.chess.com"]

[Event "Titled Tuesday Blitz February 15 Early 2022"]
[White "Guliev, Logman"]
[Black "Osmonbekov, Talaibek"]
[WhiteFideId "13400061"]
[BlackFideId "2017253"]
[WhiteElo "2128"]
[BlackElo "2135"]
[Result "0-1"]
[Round "04"]
[TimeControl "180+1"]
[Date "2022.02.15"]
[WhiteClock "0:00:03"]
[BlackClock "0:00:10"]

1. e4 c5 2. Nf3 d6 3. d4 cxd4 4. Nxd4 Nf6 5. Nc3 g6 6. Be3 Bg7 7. f3 O-O 8. Qd2 Nc6 9. Bc4 Nxd4 10. Bxd4 Be6 11. Bb3 Qa5 12. O-O-O Bxb3 13. cxb3 b5 14. Kb1 Rfc8 15. h4 Rc6 16. h5 Rac8 17. hxg6 hxg6 18. g4 b4 19. Nd5 Rc2 20. Nxf6+ exf6 21. Qxc2 Rxc2 22. Kxc2 d5 23. Kb1 dxe4 24. fxe4 Qc7 25. Ka1 Qb7 26. Be3 Qxe4 27. Bxa7 f5 28. gxf5 Qxf5 29. Rd8+ Bf8 30. Rc1 Qf6 31. Re8 Qf4 32. Rce1 Kg7 33. Be3 Qg4 34. Bd2 Bd6 35. Bc1 f6 36. R8e4 Qg3 37. Rd1 Be5 38. Rxb4 g5 39. Rc4 Kg6 40. Re4 Qf3 41. Rde1 Qf2 42. R4e2 Qf3 43. Re3 Qf5 44. R3e2 g4 45. Rg1 g3 46. Rc2 Qxc2 47. a3 Qf2 48. Ka2 Qxg1 0-1


[Site "https://www.chess.com"]

[Event "Titled Tuesday Blitz February 15 Early 2022"]
[White "Gunina, Valentina"]
[Black "Willow, Jonah B"]
[WhiteFideId "4167570"]
[BlackFideId "438804"]
[WhiteElo "2465"]
[BlackElo "2261"]
[Result "0-1"]
[Round "04"]
[TimeControl "180+1"]
[Date "2022.02.15"]
[WhiteClock "0:01:53"]
[BlackClock "0:01:57"]

1. d4 Nf6 2. c4 e6 3. Nf3 c5 4. d5 exd5 5. cxd5 d6 6. Nc3 g6 7. Bf4 Bg7 8. e3 O-O 9. h3 Na6 10. Bxa6 bxa6 11. O-O Rb8 12. b3 Re8 13. Rc1 Ne4 14. Nxe4 Rxe4 15. Nd2 Rxf4 16. exf4 a5 17. Re1 a4 18. bxa4 Bd4 19. Nf3 Bb2 20. Rb1 Bf5 21. Rxb2 Rxb2 22. Re2 Rb1 0-1


[Site "https://www.chess.com"]

[Event "Titled Tuesday Blitz February 15 Early 2022"]
[White "Guseva, Marina"]
[Black "Gant, Chris J"]
[WhiteFideId "4149351"]
[BlackFideId "403946"]
[WhiteElo "2232"]
[BlackElo "2187"]
[Result "1-0"]
[Round "04"]
[TimeControl "180+1"]
[Date "2022.02.15"]
[WhiteClock "0:00:14"]
[BlackClock "0:00:09"]

1. d4 Nf6 2. Nf3 c5 3. d5 e6 4. c4 b5 5. dxe6 fxe6 6. cxb5 d5 7. Nc3 Bd6 8. e4 dxe4 9. Ng5 O-O 10. Ngxe4 Nxe4 11. Nxe4 Be7 12. Qxd8 Rxd8 13. Be3 Nd7 14. Be2 Bb7 15. f3 Bd5 16. Nc3 Bb7 17. Bc4 Nf8 18. Rd1 a6 19. Rxd8 Bxd8 20. bxa6 Bxa6 21. Bxa6 Rxa6 22. Bxc5 Bf6 23. Bxf8 Bxc3+ 24. bxc3 Kxf8 25. O-O Rxa2 26. Rc1 Ke7 27. h4 Kd6 28. Kh2 Kc5 29. Kg3 Kc4 30. Re1 Kd5 31. Re4 Rc2 32. Re3 e5 33. h5 g6 34. hxg6 hxg6 35. Kh3 Rc1 36. g3 Rf1 37. Kh4 Ra1 38. Kg5 Ra6 39. Rd3+ Ke6 40. Kxg6 1-0


[Site "https://www.chess.com"]

[Event "Titled Tuesday Blitz February 15 Early 2022"]
[White "Hajiyeva, Laman"]
[Black "Ruperez Benito, Antonio"]
[WhiteFideId "13415875"]
[BlackFideId "22245049"]
[WhiteElo "1728"]
[BlackElo "2249"]
[Result "0-1"]
[Round "04"]
[TimeControl "180+1"]
[Date "2022.02.15"]
[WhiteClock "0:00:13"]
[BlackClock "0:00:08"]

1. d4 d5 2. c4 c6 3. Nf3 Nf6 4. Nc3 dxc4 5. e4 b5 6. e5 Nd5 7. a4 e6 8. Ne4 Bb4+ 9. Bd2 Bxd2+ 10. Qxd2 O-O 11. Nd6 Qb6 12. Ng5 h6 13. Ngxf7 Rxf7 14. Nxc8 c3 15. bxc3 Qa5 16. Bd3 Qxc3 17. Qxc3 Nxc3 18. axb5 Nxb5 19. Bxb5 cxb5 20. Nb6 Nc6 21. Nxa8 Nxd4 22. O-O b4 23. Rfd1 Ne2+ 24. Kf1 Nc3 25. Rd8+ Kh7 26. Rb8 Nd5 27. g3 h5 28. Ke2 Kg6 29. f4 Kf5 30. Kf3 g5 31. Rh8 g4+ 32. Kg2 Ke4 33. Rxh5 b3 34. Rb1 Rb7 35. Rh8 b2 36. Rc8 Ne3+ 37. Kg1 a5 38. Rc7 Rb5 39. Rc3 a4 40. Nc7 Rb7 41. Nxe6 Nd5 42. Rc4+ Kd3 43. Rd4+ Kc2 44. Rxb2+ Kxb2 45. Rxd5 a3 46. Nc5 Rb8 47. Na4+ Kb3 48. Nc5+ Kc4 49. Rd3 a2 50. Ra3 Rb1+ 51. Kf2 a1=Q 52. Rxa1 Rxa1 53. Ne6 Kd5 54. Ng7 Ra2+ 55. Ke3 Rxh2 56. Nf5 Rg2 57. Nh6 Rxg3+ 58. Kf2 Rf3+ 59. Kg2 Rxf4 60. Kg3 Kxe5 61. Nxg4+ Kf5 62. Ne3+ Kg5 63. Ng2 Ra4 64. Ne3 Ra3 65. Kf3 Rb3 66. Ke4 Rb4+ 67. Kf3 Rf4+ 68. Ke2 Rf8 69. Kd3 Kf4 70. Nd5+ Kf3 71. Kd4 Rf5 72. Nc3 Rf4+ 73. Kc5 Rh4 74. Nd5 Ke4 75. Kc6 Rh6+ 76. Kc5 Rh5 0-1


[Site "https://www.chess.com"]

[Event "Titled Tuesday Blitz February 15 Early 2022"]
[White "Hakobyan, Aram"]
[Black "Safarli, Eltaj"]
[WhiteFideId "13306677"]
[BlackFideId "13402129"]
[WhiteElo "2557"]
[BlackElo "2634"]
[Result "0-1"]
[Round "04"]
[TimeControl "180+1"]
[Date "2022.02.15"]
[WhiteClock "0:00:02"]
[BlackClock "0:00:04"]

1. e4 e5 2. Nf3 Nc6 3. Bb5 a6 4. Ba4 d6 5. c3 Bd7 6. d4 g6 7. O-O Bg7 8. h3 b5 9. Bc2 Nf6 10. Re1 O-O 11. Nbd2 Re8 12. Nf1 Nh5 13. Bg5 Qb8 14. Qd2 b4 15. d5 bxc3 16. bxc3 Na5 17. Rab1 Qc8 18. Bd3 Nb7 19. Be3 Nf4 20. Bxf4 exf4 21. c4 Nc5 22. Bc2 Qd8 23. Qxf4 Qf6 24. Qxf6 Bxf6 25. N1d2 a5 26. Re3 a4 27. Rbe1 Rab8 28. e5 Bxe5 29. Nxe5 Rxe5 30. Rxe5 dxe5 31. Ne4 Nxe4 32. Bxe4 f5 33. Bd3 e4 34. Bf1 Rb2 35. a3 Kf8 36. c5 Rc2 37. c6 Be8 38. Rb1 Ke7 39. Rb4 Bf7 40. Bc4 Kd6 41. Rxa4 f4 42. Bb3 Rc3 43. Ba2 Rc1+ 44. Kh2 Rc2 45. Bb3 Rb2 46. Bc4 e3 47. fxe3 fxe3 48. Ra8 Kc5 49. Ba6 Bxd5 50. Re8 Rxg2+ 51. Kh1 e2 52. Bc4 Kxc4 53. Re4+ Bxe4 0-1


[Site "https://www.chess.com"]

[Event "Titled Tuesday Blitz February 15 Early 2022"]
[White "Hamley, Ryan"]
[Black "Pinheiro, Iung Alicio de O."]
[WhiteFideId "30959497"]
[BlackFideId "2104350"]
[WhiteElo "2395"]
[BlackElo "2640"]
[Result "0-1"]
[Round "04"]
[TimeControl "180+1"]
[Date "2022.02.15"]
[WhiteClock "0:00:04"]
[BlackClock "0:00:13"]

1. d4 Nf6 2. c4 g6 3. Nc3 d5 4. Nf3 Bg7 5. Qb3 dxc4 6. Qxc4 O-O 7. e4 Nc6 8. Be2 e5 9. d5 Ne7 10. O-O c6 11. dxc6 Nxc6 12. Rd1 Qb6 13. Be3 Qa5 14. h3 Be6 15. Qc5 h6 16. Rac1 Rfc8 17. a3 Bf8 18. Qxa5 Nxa5 19. Nxe5 Nb3 20. Rb1 Bxa3 21. bxa3 Rxc3 22. Bxh6 Nxe4 23. Bf3 Rxf3 24. g3 Nc3 25. Nxf3 Nxd1 26. Rxd1 Bxh3 27. Rb1 Nc5 28. Be3 b6 29. Rc1 Rc8 30. Ng5 Bd7 31. Rd1 Ba4 32. Rd4 f6 33. Ne4 Rc6 34. Nxc5 bxc5 35. Rxa4 c4 36. Rxa7 c3 37. Kf1 c2 38. Bc1 Rd6 39. Ke2 Rd1 40. Be3 c1=Q 41. Bxc1 Rxc1 42. a4 Ra1 43. Kf3 Ra3+ 44. Kg4 Kf8 45. f4 Kg8 46. a5 Ra4 47. Kf3 Kf8 48. a6 Kg8 49. Ke3 g5 50. fxg5 fxg5 51. Kd3 Kh8 52. Kc3 Ra1 53. Kb4 Rb1+ 54. Kc5 Rc1+ 55. Kb6 Rb1+ 56. Kc7 Rf1 0-1


[Site "https://www.chess.com"]

[Event "Titled Tuesday Blitz February 15 Early 2022"]
[White "Harshavardhan G B"]
[Black "Grischuk, Alexander"]
[WhiteFideId "25059009"]
[BlackFideId "4126025"]
[WhiteElo "1831"]
[BlackElo "2762"]
[Result "0-1"]
[Round "04"]
[TimeControl "180+1"]
[Date "2022.02.15"]
[WhiteClock "0:00:14"]
[BlackClock "0:00:05"]

1. e4 d5 2. exd5 Qxd5 3. Nc3 Qa5 4. g3 Nf6 5. Bg2 c6 6. Nge2 e5 7. O-O Be7 8. a3 O-O 9. Rb1 Qc7 10. d3 Be6 11. b4 Nbd7 12. b5 Nd5 13. bxc6 bxc6 14. Kh1 Nc5 15. Bd2 Bd6 16. d4 Nd7 17. Ne4 Bxa3 18. c4 N5f6 19. Nxf6+ Nxf6 20. Qa4 Be7 21. Bxc6 exd4 22. Bxa8 Rxa8 23. Nxd4 Bxc4 24. Rfc1 Bd5+ 25. Kg1 Qd8 26. Nc6 Qd7 27. Nxe7+ Qxe7 28. Bg5 Qe6 29. Qf4 Nd7 30. Re1 Qh3 31. Rb8+ Nf8 32. f3 Rxb8 33. Qxb8 Bxf3 34. Kf2 Qg2+ 35. Ke3 f6 36. Qb3+ Bd5 37. Qd3 fxg5 38. Rf1 Bf7 39. Qf5 Qb7 40. Qxg5 h6 41. Qf5 Qe7+ 42. Kf2 Ne6 43. Kg1 Ng5 44. h4 Nh7 45. Qc8+ Nf8 46. Qf5 Be6 47. Qf4 Qd7 48. Kh2 Ng6 49. Qe4 Ne7 50. Rf2 Nd5 51. Qe5 Bf7 52. Qb8+ Kh7 53. Qb1+ Bg6 54. Qd1 Qc6 55. Qf3 Qd6 56. h5 Be8 57. Qf5+ Kg8 58. Qe4 Bf7 59. Qf3 Nf6 60. Qa8+ Kh7 61. Qxa7 Ng4+ 62. Kg2 Bd5+ 63. Kg1 Qxg3+ 64. Kf1 Qxf2+ 65. Qxf2 Nxf2 66. Kxf2 Bf7 0-1


[Site "https://www.chess.com"]

[Event "Titled Tuesday Blitz February 15 Early 2022"]
[White "Idrisov, Ildar F"]
[Black "Cramling Bellon, Anna"]
[WhiteFideId "4151020"]
[BlackFideId "32009232"]
[WhiteElo "2209"]
[BlackElo "1905"]
[Result "0-1"]
[Round "04"]
[TimeControl "180+1"]
[Date "2022.02.15"]
[WhiteClock "0:00:37"]
[BlackClock "0:00:04"]

1. Nf3 c5 2. b3 d5 3. Bb2 Nc6 4. e3 Nf6 5. d4 e6 6. Bd3 Be7 7. Nbd2 cxd4 8. exd4 O-O 9. a3 Bd7 10. O-O a6 11. Ne5 Rc8 12. Qf3 Qc7 13. Qh3 g6 14. Qh6 Rfd8 15. Ndf3 Bf8 16. Qh4 Bg7 17. Ng5 Be8 18. Rae1 h6 19. Ngf3 Ne7 20. Bc1 Kh7 21. g4 Ne4 22. Bxh6 Bxh6 23. g5 Nf5 24. Qh3 f6 25. Ng4 fxg5 26. Bxe4 dxe4 27. Nxg5+ Kg8 28. Nxh6+ Nxh6 29. Qxh6 Qe7 30. Rxe4 Rd5 31. Rh4 Qxg5+ 32. Qxg5 Rxg5+ 33. Kh1 Rxc2 34. Rf4 Bc6+ 35. f3 Rgg2 36. Rh4 Rgf2 37. Kg1 Rxf1+ 38. Kxf1 Bxf3 39. Rf4 Bd5 40. b4 Rc3 41. Kf2 Rxa3 42. Rg4 Rb3 43. Rxg6+ Kf7 44. Rg4 Rxb4 45. h4 Rb2+ 46. Ke3 Rh2 47. Kf4 b5 48. Kg5 b4 49. Rg1 b3 50. h5 b2 51. Rf1+ Kg7 52. Re1 a5 0-1


[Site "https://www.chess.com"]

[Event "Titled Tuesday Blitz February 15 Early 2022"]
[White "Iljin, Timofey"]
[Black "Vetokhin, Ilia"]
[WhiteFideId "14110180"]
[BlackFideId "24156078"]
[WhiteElo "2396"]
[BlackElo "1897"]
[Result "0-1"]
[Round "04"]
[TimeControl "180+1"]
[Date "2022.02.15"]
[WhiteClock "0:00:05"]
[BlackClock "0:00:09"]

1. e4 c5 2. c3 Nf6 3. e5 Nd5 4. d4 cxd4 5. cxd4 d6 6. Nf3 Nc6 7. Bc4 dxe5 8. dxe5 Ndb4 9. Qxd8+ Nxd8 10. Bb3 g6 11. O-O Bg7 12. a3 Nbc6 13. Bf4 O-O 14. Nc3 Ne6 15. Bg3 Ned4 16. Nxd4 Nxd4 17. Bc4 Be6 18. Bxe6 Nxe6 19. Nd5 Rfe8 20. Rfd1 f6 21. f4 Rad8 22. Rac1 Kf7 23. h3 Rc8 24. Rc3 Rxc3 25. Nxc3 Rd8 26. Rxd8 Nxd8 27. Kf2 fxe5 28. fxe5 Ke6 29. Ne4 h6 30. Nc5+ Kd5 31. Nd7 Nc6 32. b4 Nxe5 33. Bxe5 Bxe5 34. Nf8 g5 35. Ke3 Kc4 36. Ke4 Bb2 37. Ne6 Bxa3 38. Nd8 b5 39. Nf7 Bxb4 40. Nxh6 Bd2 41. Nf5 b4 42. Nd4 b3 43. Nc6 Bc3 44. Nxe7 b2 45. Nd5 b1=Q+ 46. Kf3 Kxd5 47. Kg4 Qg6 48. g3 Bd2 49. h4 Qe6+ 50. Kh5 gxh4 51. g4 Qh6# 0-1


[Site "https://www.chess.com"]

[Event "Titled Tuesday Blitz February 15 Early 2022"]
[White "Indjic, Aleksandar"]
[Black "Hakemi, Arman"]
[WhiteFideId "911925"]
[BlackFideId "22520805"]
[WhiteElo "2616"]
[BlackElo "2208"]
[Result "1-0"]
[Round "04"]
[TimeControl "180+1"]
[Date "2022.02.15"]
[WhiteClock "0:00:06"]
[BlackClock "0:00:11"]

1. e4 c5 2. Nc3 e6 3. Nge2 Nc6 4. g3 Nf6 5. Bg2 d5 6. exd5 exd5 7. d4 cxd4 8. Nxd4 Bc5 9. Nb3 Bb4 10. O-O O-O 11. Nxd5 Nxd5 12. Qxd5 Be6 13. Qh5 g6 14. Qh6 Bc4 15. Bg5 Be7 16. Bxe7 Qxe7 17. Rfe1 Qf6 18. c3 Rad8 19. Nd2 Bd3 20. Ne4 Bxe4 21. Rxe4 Rfe8 22. Rae1 Rxe4 23. Rxe4 Ne5 24. Rd4 Rxd4 25. cxd4 Nc4 26. b3 Nd6 27. Qe3 b6 28. Qe5 Qd8 29. Bd5 Qc7 30. Kg2 Qd7 31. h4 h5 32. Qf6 Kh7 33. a4 a6 34. Kh2 b5 35. a5 b4 36. Kg2 Qc7 37. Qe5 Qd7 38. Bf3 Nb5 39. Bd5 Nc3 40. Bc4 Qg4 41. Qf4 Qd7 42. Qxf7+ Qxf7 43. Bxf7 Nb5 44. Bc4 Nxd4 45. f4 Nc6 46. Bd5 Nxa5 47. Kf3 Kg7 48. Ke3 Kf6 49. Ke4 Nxb3 50. Bxb3 a5 51. Ke3 Kf5 52. Kf3 Kf6 53. Ke4 Kg7 54. Ke5 Kh6 55. Kf6 Kh7 56. f5 Kh6 57. fxg6 a4 58. Bc4 b3 59. g7 b2 60. g8=Q b1=Q 61. Qg7# 1-0


[Site "https://www.chess.com"]

[Event "Titled Tuesday Blitz February 15 Early 2022"]
[White "Iskusnyh, Sergei"]
[Black "Zaichenko, Daria"]
[WhiteFideId "4120027"]
[BlackFideId "4197453"]
[WhiteElo "2492"]
[BlackElo "2039"]
[Result "1-0"]
[Round "04"]
[TimeControl "180+1"]
[Date "2022.02.15"]
[WhiteClock "0:00:22"]
[BlackClock "0:00:16"]

1. d4 d5 2. c4 e6 3. Nf3 Be7 4. g3 Nf6 5. Bg2 O-O 6. Qc2 dxc4 7. Qxc4 Nbd7 8. O-O c5 9. Rd1 cxd4 10. Nxd4 h6 11. Nc3 Bc5 12. Na4 Nb6 13. Qxc5 Nxa4 14. Qc2 Bd7 15. Bxb7 Rb8 16. Nc6 Qe8 17. Nxb8 Qxb8 18. Bf3 Rc8 19. Qb3 Qe5 20. Rxd7 Nc5 21. Bf4 Nxb3 22. Bxe5 Nxd7 23. axb3 Nxe5 24. Rxa7 Nxf3+ 25. exf3 Rc2 26. Ra1 Rxb2 27. Ra8+ Kh7 28. Rb8 g6 29. f4 Kg7 30. Rb7 Kg8 31. b4 Kg7 32. b5 Rb3 33. b6 Rb2 34. Kf1 Kf8 35. h4 Ke8 36. Ke1 f6 37. Kd1 g5 38. fxg5 fxg5 39. h5 Rxf2 40. Rh7 Kd8 41. Rh8+ Kd7 42. b7 Rb2 43. b8=Q Rxb8 44. Rxb8 Ke7 45. Rh8 Kf7 46. Rxh6 e5 47. Ke2 g4 48. Ke3 Kg7 49. Rg6+ Kh7 50. Ke4 Kh8 51. Kxe5 Kh7 52. Kf6 1-0


[Site "https://www.chess.com"]

[Event "Titled Tuesday Blitz February 15 Early 2022"]
[White "Jaferian, Koosha"]
[Black "Crispin Ferreras, Darvi Abraham"]
[WhiteFideId "12507440"]
[BlackFideId "6402771"]
[WhiteElo "2027"]
[BlackElo "2187"]
[Result "1-0"]
[Round "04"]
[TimeControl "180+1"]
[Date "2022.02.15"]
[WhiteClock "0:00:32"]
[BlackClock "0:00:15"]

1. e4 c6 2. Nc3 d5 3. Nf3 Nf6 4. e5 Ne4 5. Ne2 Bg4 6. Ng3 Nxg3 7. hxg3 h6 8. d4 e6 9. Be2 Nd7 10. Be3 Qb6 11. b3 Bb4+ 12. Kf1 c5 13. a3 cxd4 14. Bxd4 Bc5 15. c3 Bxf3 16. gxf3 Bxd4 17. cxd4 Rc8 18. Kg2 Ke7 19. b4 a6 20. f4 g6 21. Rh4 Rc7 22. g4 Nb8 23. Ra2 Rc3 24. Qd2 Rc7 25. Qe3 Qc6 26. Rd2 Qc3 27. Rd3 Qc1 28. Qg3 Rc2 29. Bf3 Nc6 30. Rh1 Qb2 31. Rhd1 Rc3 32. f5 gxf5 33. gxf5 Rxd3 34. Rxd3 Nxd4 35. Qh4+ Kd7 36. Qxd4 Qxd4 37. Rxd4 Rg8+ 38. Kf1 Rg5 39. Rf4 exf5 40. Bxd5 Ke7 41. Bxb7 f6 42. exf6+ Kxf6 43. Bxa6 Ke5 44. Rc4 f4 45. Rc5+ 1-0


[Site "https://www.chess.com"]

[Event "Titled Tuesday Blitz February 15 Early 2022"]
[White "Jain Kashish Manoj"]
[Black "Toncheva, Nadya"]
[WhiteFideId "35081098"]
[BlackFideId "2924056"]
[WhiteElo "1681"]
[BlackElo "1920"]
[Result "0-1"]
[Round "04"]
[TimeControl "180+1"]
[Date "2022.02.15"]
[WhiteClock "0:01:40"]
[BlackClock "0:01:53"]

1. e4 c5 2. Nf3 Nc6 3. Bb5 e6 4. O-O Nge7 5. d4 cxd4 6. Nxd4 Qb6 7. Nxc6 Nxc6 8. c4 a6 9. Bxc6 bxc6 10. b3 Be7 11. Bb2 O-O 12. Nc3 a5 13. Na4 Qc7 14. Qd3 e5 15. Rfd1 d6 16. c5 dxc5 17. Rac1 Ba6 18. Qg3 f6 19. Nxc5 Bxc5 20. Rxc5 Rfd8 21. Rdc1 Qb6 22. Rxc6 Qxc6 0-1


[Site "https://www.chess.com"]

[Event "Titled Tuesday Blitz February 15 Early 2022"]
[White "Jain, Naveen"]
[Black "Guz, Ari"]
[WhiteFideId "5003970"]
[BlackFideId "2825759"]
[WhiteElo "2036"]
[BlackElo "1913"]
[Result "0-1"]
[Round "04"]
[TimeControl "180+1"]
[Date "2022.02.15"]
[WhiteClock "0:00:26"]
[BlackClock "0:01:28"]

1. c4 c6 2. g3 d5 3. Bg2 dxc4 4. Qc2 Nf6 5. Qxc4 g6 6. Nf3 Bg7 7. O-O O-O 8. Nc3 Nbd7 9. d3 Nb6 10. Qb3 Be6 11. Qc2 c5 12. a4 Rc8 13. a5 Nbd5 14. Ng5 Bg4 15. h3 Nxc3 16. bxc3 Bf5 17. Bxb7 Rc7 18. Bg2 c4 19. Rd1 cxd3 20. exd3 Nd5 21. Bb2 Nxc3 22. Rdc1 Bxd3 23. Qxc3 Bxc3 24. Bxc3 Qc8 25. Bb2 Rxc1+ 26. Rxc1 Qa6 27. Bd5 e6 28. Be4 h6 29. Rc6 Qb5 0-1


[Site "https://www.chess.com"]

[Event "Titled Tuesday Blitz February 15 Early 2022"]
[White "Jakubowska, Anna"]
[Black "Sargsyan, Anna M."]
[WhiteFideId "1121952"]
[BlackFideId "13308130"]
[WhiteElo "1924"]
[BlackElo "2271"]
[Result "1-0"]
[Round "04"]
[TimeControl "180+1"]
[Date "2022.02.15"]
[WhiteClock "0:01:19"]
[BlackClock "0:00:30"]

1. e4 c6 2. d4 d5 3. e5 c5 4. dxc5 e6 5. a3 Bxc5 6. b4 Bb6 7. Nf3 Ne7 8. Bd3 a5 9. Bb2 axb4 10. axb4 Rxa1 11. Bxa1 Nbc6 12. b5 Nb4 13. O-O Nxd3 14. cxd3 O-O 15. Re1 Bd7 16. Qb3 Qa8 17. Nc3 Rc8 18. Na4 Ba5 19. Rb1 h6 20. Bd4 Nf5 21. Bb6 Be8 22. g4 Ne7 23. Bxa5 Qxa5 24. Qb4 Qxb4 25. Rxb4 g5 26. d4 Rc1+ 27. Kg2 Ng6 28. Nd2 Nf4+ 29. Kf3 Rc3+ 30. Nxc3 1-0


[Site "https://www.chess.com"]

[Event "Titled Tuesday Blitz February 15 Early 2022"]
[White "Jakubowski, Krzysztof"]
[Black "Firat, Burak"]
[WhiteFideId "1112848"]
[BlackFideId "6305881"]
[WhiteElo "2365"]
[BlackElo "2419"]
[Result "0-1"]
[Round "04"]
[TimeControl "180+1"]
[Date "2022.02.15"]
[WhiteClock "0:00:01"]
[BlackClock "0:00:15"]

1. e4 c5 2. Nf3 e6 3. d4 cxd4 4. Nxd4 a6 5. Nc3 Qc7 6. Bd3 Nf6 7. O-O h5 8. a4 Ng4 9. Nf3 Bc5 10. Qe2 Nc6 11. Be3 Nxe3 12. fxe3 Ne5 13. Kh1 Ng4 14. Nd1 b6 15. c3 Bb7 16. b4 Be7 17. h3 Bf6 18. a5 b5 19. Rc1 Ne5 20. Nb2 Rc8 21. Bb1 Ng4 22. Kg1 Qg3 23. Nd1 Ne5 24. Nd4 Nc4 25. Rf3 Qg5 26. Nf2 Na3 27. Qd2 Nc4 28. Qe1 Be5 29. Nd3 Bb8 30. Nc5 Rxc5 31. bxc5 Qxc5 32. Qf2 Ne5 33. Rg3 Ng6 34. Rf3 O-O 35. Rf1 f6 36. g4 hxg4 37. hxg4 Qg5 38. Rh3 Qxg4+ 39. Qg2 Qxg2+ 40. Kxg2 Ne5 41. Kg1 Bc7 42. Nb3 Bd6 43. Rd1 Be7 44. Kf2 Rc8 0-1


[Site "https://www.chess.com"]

[Event "Titled Tuesday Blitz February 15 Early 2022"]
[White "Janaszak, Dawid"]
[Black "Nguyen, Ngoc Truong Son"]
[WhiteFideId "1119206"]
[BlackFideId "12401110"]
[WhiteElo "2199"]
[BlackElo "2596"]
[Result "0-1"]
[Round "04"]
[TimeControl "180+1"]
[Date "2022.02.15"]
[WhiteClock "0:00:26"]
[BlackClock "0:00:04"]

1. e4 c5 2. Nc3 Nc6 3. Bb5 g6 4. Bxc6 dxc6 5. d3 Bg7 6. Be3 b6 7. Qd2 e5 8. f4 exf4 9. Bxf4 h6 10. Nf3 Qe7 11. O-O g5 12. Be3 Nf6 13. Rae1 Be6 14. Kh1 Ng4 15. Bg1 Ne5 16. Nd1 Nxf3 17. Rxf3 g4 18. Rff1 h5 19. Ne3 Bh6 20. Qc3 O-O-O 21. Nf5 Qd7 22. b3 h4 23. Qe5 h3 24. g3 Bg5 25. Be3 Bxe3 26. Rxe3 Rhg8 27. Qf4 Kb7 28. e5 Qd5+ 29. Re4 Bxf5 30. Qxf5 Rd7 31. Kg1 Rg6 32. Re3 Qg2# 0-1


[Site "https://www.chess.com"]

[Event "Titled Tuesday Blitz February 15 Early 2022"]
[White "Johnson, Ben"]
[Black "Korkmaz, Necmettin"]
[WhiteFideId "2010917"]
[BlackFideId "6303285"]
[WhiteElo "2210"]
[BlackElo "2094"]
[Result "0-1"]
[Round "04"]
[TimeControl "180+1"]
[Date "2022.02.15"]
[WhiteClock "0:00:45"]
[BlackClock "0:02:19"]

1. Nf3 d5 2. e3 Nf6 3. c4 c6 4. Nc3 e6 5. b3 Nbd7 6. Bb2 Bd6 7. Be2 O-O 8. O-O Qe7 9. d4 dxc4 10. bxc4 e5 11. Qc2 e4 12. Nd2 Re8 13. h3 Nf8 14. d5 Qe5 15. g3 Qf5 16. Bf3 exf3 0-1


[Site "https://www.chess.com"]

[Event "Titled Tuesday Blitz February 15 Early 2022"]
[White "Jones, Gawain C B"]
[Black "Xiong, Jeffery"]
[WhiteFideId "409561"]
[BlackFideId "2047640"]
[WhiteElo "2657"]
[BlackElo "2727"]
[Result "1-0"]
[Round "04"]
[TimeControl "180+1"]
[Date "2022.02.15"]
[WhiteClock "0:00:14"]
[BlackClock "0:00:01"]

1. Nf3 c5 2. g3 Nc6 3. Bg2 g6 4. O-O Bg7 5. c4 d6 6. Nc3 e6 7. e3 Nge7 8. d4 O-O 9. b3 Nf5 10. Ne2 e5 11. dxe5 dxe5 12. Nd2 e4 13. Rb1 Qa5 14. Nxe4 Rd8 15. Qe1 Qxa2 16. N2c3 Qa5 17. Bd2 Qc7 18. Nd5 Qb8 19. Bc3 Bxc3 20. Qxc3 Qe5 21. Qxe5 Nxe5 22. Nxc5 b6 23. Nc7 Rb8 24. N7a6 bxc5 25. Nxb8 Ne7 26. Rfd1 Re8 27. Ra1 Bg4 28. Na6 Bxd1 29. Rxd1 Rc8 30. Bb7 Re8 31. Nxc5 Rb8 32. f4 Ng4 33. Rd7 Nf5 34. e4 Nfe3 35. e5 Nh6 36. h3 Nhf5 37. g4 Ng7 38. Kf2 Nc2 39. Bd5 Rf8 40. Ne4 Nb4 41. Nf6+ Kh8 42. Bxf7 a5 43. Ne4 h6 44. Kg3 1-0


[Site "https://www.chess.com"]